 Dungeon Crawl Stone Soup version 0.21.1-1-g345015f (webtiles) character file.

49 tyranidshit the Skirmisher (level 3, -2/31 HPs)
             Began as a Demonspawn Abyssal Knight on July 26, 2018.
             Was a Follower of Lugonu.
             Slain by a hobgoblin
             ... wielding a +0 club
              (5 damage)
             ... on level 1 of the Dungeon.
             The game lasted 00:02:44 (1029 turns).

tyranidshit the Skirmisher (DsAK)                   Turns: 1029, Time: 00:02:44

Health: -2/31      AC: 11    Str: 13    XL:     3   Next: 51%
Magic:  4/4        EV:  6    Int: 13    God:    Lugonu [*.....]
Gold:   65         SH:  0    Dex: 12    Spells: 2/2 levels left

rFire    . . .     SeeInvis .   a - +1 hand axe
rCold    . . .     Gourm    .   (no shield)
rNeg     . . .     Faith    .   h - +0 chain mail
rPois    .         Spirit   .   (helmet restricted)
rElec    .         Reflect  .   (no cloak)
rCorr    .         Harm     .   (no gloves)
MR       .....                  j - +0 pair of boots
Stlth    ..........             (no amulet)
HPRegen  0.10/turn              (no ring)
MPRegen  0.09/turn              (no ring)

@: lethally poisoned (-2 -> -3)
A: antennae 1, thin metallic scales 1
a: Depart the Abyss, Renounce Religion


You were on level 1 of the Dungeon.
You worshipped Lugonu.
Lugonu was aware of your devotion.
You were hungry.

You visited 1 branch of the dungeon, and saw 2 of its levels.
You visited the Abyss 1 time.

You collected 65 gold pieces.

Inventory:

Hand Weapons
 a - a +1 hand axe (weapon)
Armour
 b - a +0 leather armour
 g - a +0 helmet
 h - a +0 chain mail (worn)
 j - a +0 pair of boots (worn)
Wands
 d - a wand of paralysis (11)
Scrolls
 e - 2 scrolls of identify
 i - a scroll of remove curse
Comestibles
 c - 3 rations


   Skills:
 + Level 4.6 Fighting
 - Level 1.7 Axes
 - Level 1.7 Armour
 - Level 0.8 Dodging
 - Level 2.4 Invocations


You had 2 spell levels left.
You didn't know any spells.

Dungeon Overview and Level Annotations

Branches:
Dungeon (2/15)

Altars:


Innate Abilities, Weirdness & Mutations

You have a pair of small antennae on your head.
You are partially covered in thin metallic scales. (AC +2)


Message History

Your chain mail prevents you from hitting the hobgoblin.
The hobgoblin hits you but does no damage.
You are feeling hungry.
You hit the hobgoblin.
The hobgoblin is severely wounded.
You feel sick.
The hobgoblin hits you but does no damage.
You aren't carrying any potions.
You see here a throwing net.
You feel sick.
You feel sick.
There is a stone staircase leading up here.
The hobgoblin hits you but does no damage.
You climb upwards.
There is a stone staircase leading down here.
Unknown command.
You hit the hobgoblin but do no damage.
The hobgoblin is severely wounded.
The hobgoblin hits you with a club.
You die...

#.....'...#...##........#####
#.....#.#.#...##.#####......#####
###.#.#.#.#.#.##.#..........#....
#.#.#.#†#.#..#.#.#######..#.###
#.#.#..)..#..#.#.#.....#..#.#
#.#.#(....#....#.#.###.#..#.#
#.#.#.(...##...#.#.# #....#.#
#...#....###..g#.#.#####.##.#
###.###......+..@#.#.......##.#
.....#########...#.##########.#
.8....## ####...#'### #.###
.......## #..........# #....
≈.......###..........# #####
≈.<8..8..##..........#
≈....................#
.........##..........#
.8......###..........############


You could see a hobgoblin.

Vanquished Creatures
  2 adders (D:2)
  An ooze (D:1)
  2 leopard geckos
  4 goblins
  4 hobgoblins
  4 jackals (D:1)
  4 kobolds (D:1)
  A frilled lizard (D:1)
22 creatures vanquished.

Notes
Turn   | Place    | Note
-------+----------+-------------------------------------------
     0 | Abyss:1  | tyranidshit the Demonspawn Abyssal Knight began the quest for the Orb.
     0 | Abyss:1  | Reached XP level 1. HP: 18/18 MP: 2/2
    41 | Abyss:2  | Noticed a small abomination
    76 | Abyss:2  | Noticed a bone dragon
    81 | Abyss:2  | Noticed a glowing orange brain
    82 | D:1      | Escaped the Abyss
   260 | D:1      | Gained mutation: You have a pair of small antennae on your head. [demonic ancestry]
   260 | D:1      | Reached XP level 2. HP: 17/24 MP: 3/3
   512 | D:1      | Reached * piety under Lugonu
   531 | D:1      | Reached skill level 4 in Fighting
   979 | D:2      | Gained mutation: You are partially covered in thin metallic scales. (AC +2) [demonic ancestry]
   979 | D:2      | Reached XP level 3. HP: 28/31 MP: 4/4
  1029 | D:1      | Slain by a hobgoblin

Skill      XL: |  1  2 |
---------------+-------+-----
Fighting       | 4 |  4.6
Axes           | |  1.7
Armour         | |  1.7
Dodging        | |  0.8
Invocations    | |  2.4

Action                   || total
-------------------------++-------
Melee: Hand axe          ||    86
Invok: Depart the Abyss  ||     1
  Use: Scroll            ||     3
       Potion            ||     3
Armor: Chain mail        ||    62
       Leather armour    ||     2
Dodge: Dodged            ||    35
